 Dungeon Sprint DCSS version 0.28-a0-247-gb8bfbab023 (webtiles) character file.

Game seed: 3155103266546075328

125 MikeHunt the Charlatan (level 4, -11/32 HPs)
             Began as a Demonspawn Artificer on Aug 25, 2021.
             Was an Initiate of Gozag.
             Mangled by a yak (14 damage)
             ... in the Dungeon (Sprint I: "Red Sonja").
             The game lasted 00:01:41 (306 turns).

MikeHunt the Charlatan (Demonspawn Artificer)        Turns: 306, Time: 00:01:42

Health: -11/32     AC:  3    Str: 13    XL:     4   Next: 82%
Magic:  4/4        EV: 11    Int: 13    God:    Gozag
Gold:   175        SH:  0    Dex: 13    Spells: 3/3 levels left

rFire   . . .      SeeInvis .     - Unarmed
rCold   . . .      Faith    .   (no shield)
rNeg    . . .      Spirit   .   b - +0 leather armour
rPois   .          Reflect  .   (no helmet)
rElec   .          Harm     .   (no cloak)
rCorr   .          Rampage  .   (no gloves)
Will    .....      NoTele   +   (no boots)
Stlth   +.........              (no amulet)
HPRegen 0.10/turn               (no ring)
MPRegen 0.09/turn               (no ring)

@: hasted, very quick
A: talons 1, powered by death 1
a: Renounce Religion, Potion Petition, Call Merchant, Bribe Branch


You were in the Dungeon.
You worshipped Gozag.
Gozag was aware of your devotion.
You visited 1 branch You collected 175 gold pieces.

Inventory:

Hand Weapons
 a - a +0 club
Armour
 b - a +0 leather armour (worn)
Wands
 c - a wand of flame (11) (quivered)
 d - a wand of charming (13)
Scrolls
 k - a scroll of blinking
Potions
 f - a potion of curing
 i - 2 potions of magic
Miscellaneous
 e - a piece from Xom's chessboard (15/15)


   Skills:
 + Level 1.0 Fighting
 - Level 1.7 Armour
 + Level 0.8 Dodging
 - Level 0.8 Stealth
 + Level 6.1 Unarmed Combat
 - Level 7.4 Evocations


You had 3 spell levels left.
You didn't know any spells.
Your spell library contained the following spells:

 Spells                   Type           Power      Damage    Failure   Level
 Wereblood                Tmut           0%         N/A       52%         2
 Statue Form              Tmut/Erth      0%         N/A       100%        6
 Storm Form               Tmut/Air       0%         N/A       100%        7


Dungeon Overview and Level Annotations

Branches:
Dungeon (1/1)

Altars:
Cheibriados
Dithmenos
Elyvilon
Fedhas
Gozag
Hepliaklqana
Kikubaaqudgha
Makhleb
Nemelex Xobeh
Okawaru
Qazlal
Ru
Sif Muna
Trog
Uskayaw
Vehumet
Wu Jian
Xom
Yredelemnul
Zin
The Shining One
Jiyva
Lugonu

Shops:
D ?


Innate Abilities, Weirdness & Mutations

You have sharp toenails.
You regenerate a little health from kills.


Message History

You closely miss the yak.
The yak is lightly wounded.
You closely miss the yak.
The yak is lightly wounded.
The yak closely misses you.
You hit the yak but do no damage. You punch the yak, but do no damage.
The yak is lightly wounded.
You hit the yak.
The yak is lightly wounded.
The yak completely misses you.
You closely miss the yak. You claw the yak.
The yak is lightly wounded.
You hit the yak. You claw the yak, but do no damage.
The yak is moderately wounded.
The yak gores you but does no damage.
You hit the yak but do no damage. You claw the yak.
You punch the yak, but do no damage.
The yak is moderately wounded.
The yak gores you!
You hit the yak. Your kick misses the yak.
The yak is moderately wounded.
You completely miss the yak. You claw the yak.
The yak is heavily wounded.
The yak gores you.
You barely miss the yak.
The yak is heavily wounded.
You hit the yak. You claw the yak.
The yak is severely wounded.
The yak misses you.
You hit the yak. You claw the yak. You punch the yak.
The yak is almost dead.
You hit the yak. Your kick misses the yak.
The yak is almost dead.
The yak gores you!
* * * LOW HITPOINT WARNING * * *
You hit the yak.
The yak is almost dead.
The yak gores you!
You die...
Your body crumbles into a pile of gold.

#<.#.)'..#..'..#__#$$
#..').#..'..#..+.J+$$
#..#####'#####'#__#
#..####..#$$$#.# ## $
#..#__####$$##.# $$
#..#_____##+#_.+
#⌠⌠#_.∩...').._# $$
####_..Y_##_.#+#
$$#___@_###+# $
####### $ $ $ $$ $$ $
$ $ $ $ $ $ $ $$


You could see a yak.

Vanquished Creatures
  An ogre (D)
  A jelly (D)
  Ijyb (D)
3 creatures vanquished.

Vanquished Creatures (others)
  Sigmund (D)
1 creature vanquished.

Grand Total: 4 creatures vanquished

Notes
Turn   | Place    | Note
-------+----------+-------------------------------------------
     0 | D        | MikeHunt the Demonspawn Artificer began the quest for the
                  | Orb.
     0 | D        | Reached XP level 1. HP: 15/15 MP: 1/1
     1 | D        | Noticed Ijyb
    10 | D        | Killed Ijyb
    11 | D        | Reached skill level 5 in Evocations
    11 | D        | Gained mutation: You regenerate a little health from kills.
                  | [demonic ancestry]
    11 | D        | Reached XP level 2. HP: 16/21 MP: 2/2
   139 | D        | Noticed an ogre
   143 | D        | Killed an ogre
   144 | D        | Reached skill level 5 in Unarmed Combat
   144 | D        | Reached skill level 7 in Evocations
   144 | D        | Gained mutation: You have sharp toenails. [demonic
                  | ancestry]
   144 | D        | Reached XP level 3. HP: 26/26 MP: 3/3
   144 | D        | Reached XP level 4. HP: 32/32 MP: 4/4
   156 | D        | Noticed Sigmund
   173 | D        | Found an ornate altar of the Wu Jian Council.
   173 | D        | Found a shimmering blue altar of Sif Muna.
   175 | D        | Found a radiant altar of Vehumet.
   185 | D        | Found Rulesov's Magic Scroll Emporium.
   185 | D        | Found an ancient bone altar of Kikubaaqudgha.
   185 | D        | Found a hazy altar of Hepliaklqana.
   185 | D        | Found a stormy altar of Qazlal.
   185 | D        | Found a hide-covered altar of Uskayaw.
   185 | D        | Found a blossoming altar of Fedhas.
   185 | D        | Found a bloodstained altar of Trog.
   185 | D        | Found an iron altar of Okawaru.
   185 | D        | Found a basalt altar of Yredelemnul.
   185 | D        | Found a snail-covered altar of Cheibriados.
   185 | D        | Found a sacrificial altar of Ru.
   185 | D        | Found a shadowy altar of Dithmenos.
   185 | D        | Noticed a yak
   194 | D        | Your ally died
   197 | D        | Got the Handbook of Transmutation
   274 | D        | Found a burning altar of Makhleb.
   274 | D        | Found a viscous altar of Jiyva.
   274 | D        | Found a shimmering altar of Xom.
   274 | D        | Found a corrupted altar of Lugonu.
   274 | D        | Noticed a slime creature
   284 | D        | Found an opulent altar of Gozag.
   285 | D        | Found a sparkling altar of Nemelex Xobeh.
   288 | D        | Became a worshipper of Gozag Ym Sagoz the Greedy
   306 | D        | Mangled by a yak

Illustrated notes

Levels and vault maps discovered:
D:        dungeon_sprint_1 [red_sonja_temple_1, red_sonja_temple_small_1]

Skill      XL: |  1  2  3  4 |
---------------+-------------+-----
Unarmed Combat | 3 5 6 |  6.1
Evocations     | 5 7 |  7.4
Fighting       | |  1.0
Armour         | |  1.7
Dodging        | |  0.8
Stealth        | |  0.8

Action                   |  1- 3 |  4- 6 || total
-------------------------+-------+-------++-------
Melee: Club              |     7 |     3 ||    10
       Unarmed           |       |    16 ||    16
       Kick              |       |     7 ||     7
       Punch             |       |     3 ||     3
Evoke: Wand              |     4 |     2 ||     6
  Use: Potion            |     1 |     2 ||     3
Armor: Leather armour    |       |     2 ||     2
Dodge: Dodged            |     3 |     8 ||    11

Table legend: (Time is in decaauts)
 A = Elapsed time spent in this place.
 B = Non-inter-level travel time spent in this place.
 C = Inter-level travel time spent in this place.
 D = Time resting spent in this place.
 E = Time spent auto-exploring this place.
 F = Levels seen in this place.
 G = Mean time per level.
                   A        B        C        D        E       F      G
               +--------+--------+--------+--------+--------+-----+--------+
         Total |    313 |    313 |      0 |    208 |      0 |   1 |  313.0 |
       Dungeon |    313 |    313 |      0 |    208 |      0 |   1 |  313.0 |
               +--------+--------+--------+--------+--------+-----+--------+

Top non-repeatable levels by time:
       D: 313 daAuts
